 Dungeon Crawl Stone Soup version 0.29-a0-344-ge2f44be95a (webtiles) character file.

Game seed: 14704976992426510061

3462 spaghetti the Covert (level 10, 0/80 HPs)
             Began as a Gnoll Delver on Apr 22, 2022.
             Succumbed to a killer bee's poison
             ... on level 7 of the Dungeon.
             The game lasted 00:11:55 (7711 turns).

spaghetti the Covert (Gnoll Delver)                 Turns: 7711, Time: 00:11:55

Health: 0/80       AC:  7    Str: 14    XL:     10   Next: 6%
Magic:  26/26      EV: 14    Int: 11    God:
Gold:   397        SH:  0    Dex: 12    Spells: 18/18 levels left

rFire   + . .      SeeInvis .   b - +10 spear "Jilent" {pain, rC+ Will+ Stlth+, polearm}
rCold   + + .      Faith    +   (no shield)
rNeg    . . .      Spirit   .   f - +0 leather armour
rPois   +          Reflect  .   (no helmet)
rElec   +          Harm     .   (no cloak)
rCorr   +          Rampage  .   (no gloves)
Will    +....                   (no boots)
Stlth   +++++.....              C - amulet of faith {!P}
HPRegen 0.23/turn               e - ring of magical power
MPRegen 0.20/turn               o - +4 ring of protection

@: lethally poisoned (0 -> -3), resistant
A: fangs 1, strong nose, distributed training, clumsy 1
a: no special abilities


You were on level 7 of the Dungeon.
You visited 1 branch of the dungeon, and saw 7 of its levels.

You collected 397 gold pieces.


Innate Abilities, Weirdness & Mutations

You have very sharp teeth.
Your uncanny sense of smell can sniff out nearby items.
Your experience applies equally to all skills.
You are clumsy. (Dex -2)


   Skills:
 + Level 8.2 Fighting
 + Level 6.8 Short Blades
 + Level 4.9 Long Blades
 + Level 4.9 Axes
 + Level 4.9 Maces & Flails
 + Level 4.9 Polearms
 + Level 4.9 Staves
 + Level 4.9 Slings
 + Level 4.9 Bows
 + Level 4.9 Crossbows
 + Level 4.9 Throwing
 + Level 4.9 Armour
 + Level 6.8 Dodging
 + Level 10.8 Stealth
 + Level 4.9 Shields
 + Level 4.9 Unarmed Combat
 + Level 4.9 Spellcasting
 + Level 4.0 Conjurations
 + Level 4.0 Hexes
 + Level 4.0 Summonings
 + Level 4.0 Necromancy
 + Level 4.0 Translocations
 + Level 4.0 Transmutations
 + Level 4.0 Fire Magic
 + Level 4.0 Ice Magic
 + Level 4.0 Air Magic
 + Level 4.0 Earth Magic
 + Level 4.0 Poison Magic
 + Level 5.3 Invocations
 + Level 4.9 Evocations


You had 18 spell levels left.
You didn't know any spells.
Your spell library contained the following spells:

 Spells                   Type           Power      Damage    Failure   Level
 Beastly Appendage        Tmut           22%        N/A       4%          1
 Freeze                   Ice            44%        1d6       4%          1
 Corpse Rot               Necr/Air       22%        N/A       8%          2
 Poisonous Vapours        Pois/Air       22%        N/A       8%          2
 Wereblood                Tmut           11%        N/A       8%          2
 Call Canine Familiar     Summ           11%        N/A       16%         3
 Frozen Ramparts          Ice            22%        1d4       16%         3
 Gell's Gravitas          Tloc           11%        N/A       16%         3
 Portal Projectile        Hex/Tloc       22%        N/A       16%         3
 Spider Form              Tmut/Pois      11%        N/A       16%         3
 Teleport Other           Tloc           11%        N/A       16%         3
 Hailstorm                Conj/Ice       11%        3d5       45%         4
 Leda's Liquefaction      Hex/Erth       5%         N/A       45%         4
 Dispersal                Tloc           5%         N/A       100%        6

Inventory:

Hand Weapons
 a - a +0 shortbow {bow}
   (You took it off a centaur on level 5 of the Dungeon)
 b - the +10 spear "Jilent" (weapon) {pain, rC+ Will+ Stlth+, polearm}
   (You took it off an orc on level 5 of the Dungeon)

   In the hands of one skilled in necromantic magic, it inflicts extra damage on
   living creatures.
   rC:        It protects you from cold.
   Will:      It increases your willpower.
   Stlth:     It makes you more stealthy.
 h - a +0 rapier {short}
   (You found it on level 5 of the Dungeon)
 l - a +0 spear of flaming {polearm}
   (You took it off a gnoll on level 2 of the Dungeon)
 n - a +0 short sword {short}
 D - a +2 dagger of pain {short}
   (You took it off a goblin on level 3 of the Dungeon)
Missiles
 i - 205 stones (quivered) {throwing}
 m - 3 throwing nets {=f!fthrowing}
 G - 3 boomerangs {throwing}
Armour
 f - a +0 leather armour (worn)
 j - an orb of guile
   (You found it on level 4 of the Dungeon)
Jewellery
 e - a ring of magical power (left hand)
   (You found it on level 3 of the Dungeon)
 o - a +4 ring of protection (right hand)
   (You found it on level 1 of the Dungeon)
 C - an amulet of faith (around neck) {!P}
   (You found it on level 5 of the Dungeon)
Wands
 g - a wand of digging (3)
 q - a wand of iceblast (21)
   (You found it on level 4 of the Dungeon)
 w - a wand of polymorph (9)
   (You took it off Jessica on level 2 of the Dungeon)
 F - a wand of acid (8)
   (You found it on level 6 of the Dungeon)
Scrolls
 c - 2 scrolls of fog
 d - a scroll of magic mapping {!r}
 k - 2 scrolls of blinking {unknown}
 p - a scroll of enchant armour {unknown}
 r - 5 scrolls of enchant weapon {unknown}
 s - 2 scrolls of silence {unknown}
 t - 2 scrolls of immolation {unknown}
 u - 5 scrolls of identify {unknown}
 v - a scroll of vulnerability {unknown}
 y - 2 scrolls of teleportation {unknown}
 B - a scroll of fear
Potions
 z - 2 potions of attraction {!q}
Miscellaneous
 H - a lightning rod (4/4)
   (You found it on level 6 of the Dungeon)

Dungeon Overview and Level Annotations

Branches:
Dungeon (7/15)
 Temple: D:4-7

Altars:
Ashenzari
Kikubaaqudgha
Nemelex Xobeh
Qazlal
Trog

Shops:
D:5 !((   D:6 [

Annotations:
D:4 1 exclusion, Dowan, Duvessa

## #. .#### #.# .....
..######## ..# #..... ..#
..# #....###.#< ..#
#......... ..# #........#
..# #.†..##..# # #.#
#....##.@#.# #.#
#....##.(#.# #.#
#..........# #.#
#.##.....####.####
#.#######..........)††....
#.............##.####.####
.<###.......#.......
........##....######
#............##


There were no monsters in sight!


Message History

You take 4 damage, and now have 33/80 hp.
You miss the killer bee.
You bite the killer bee, but do no damage.
You feel sick.
The killer bee stings you but does no damage.
The killer bee closely misses you. 😨 HP[-1]
You take 1 damage, and now have 32/80 hp.
You closely miss the killer bee. Your bite misses the killer bee.
You feel sick.
The killer bee barely misses you. 😨 HP[-1]
You take 1 damage, and now have 31/80 hp.
You closely miss the killer bee.
You bite the killer bee, but do no damage.
You feel sick.
The killer bee stings you but does no damage.
The killer bee stings you.
* * * LOW HITPOINT WARNING * * *
You are more poisoned.
The killer bee poisons you! 😨 HP[-6]
You take 6 damage, and now have 25/80 hp.
Unknown command.
It was a potion of mutation.
You feel extremely strange.
You feel stupid.
You feel resistant to cold.
You feel clever.
You feel sick. The killer bee completely misses you.
The killer bee misses you. 😨 HP[-1]
You take 1 damage, and now have 24/80 hp.
Really quaff
E - a potion of mutation {!q}?
Really quaff the potion of mutation?
You feel extremely strange.
You no longer feel cold resistant.
You feel clumsy.
You feel sick. The killer bee stings you.
* * * LOW HITPOINT WARNING * * *
The killer bee barely misses you. 😨 HP[-3]
You take 3 damage, and now have 21/80 hp.
Okay, then.
You feel protected.
You feel sick. The killer bee misses you.
The killer bee stings you but does no damage. 😱 HP[-2]
You take 2 damage, and now have 19/80 hp.
You have 397 gold pieces.
Aiming: Corrosive Bolt
Press: ? - help, Shift-Dir - straight line, f - killer bee, p - killer bee
Aim: a killer bee (48% to hit)
The bolt of acid misses the killer bee.
The bolt of acid hits the killer bee!
The acid corrodes the killer bee!
The bolt of acid hits the killer bee!!
You kill the killer bee!
You feel sick. The killer bee stings you!
* * * LOW HITPOINT WARNING * * *
You are lethally poisoned!
The killer bee poisons you!
The killer bee stings you but does no damage. 😱 HP[-9]
You take 9 damage, and now have 10/80 hp.
Unknown command.
Unknown command.
Aiming: Corrosive Bolt
Press: ? - help, Shift-Dir - straight line, f - killer bee
Aim: a killer bee (heavily wounded, 48% to hit)
The bolt of acid hits the killer bee!
You kill the killer bee!
The bolt of acid hits the killer bee!!
The killer bee seems to be corroded for longer.
You kill the killer bee!
* * * LOW HITPOINT WARNING * * *
You feel very sick. 😱 HP[-2]
You take 2 damage, and now have 8/80 hp.
You are lethally poisoned (8 -> -3).
You are resistant to the elements.
Your movement speed is average.
Your attack delay is about 0.8.
Your base attributes are Str 14, Int 11, Dex 14.
Unknown command.
Okay, then.
* * * LOW HITPOINT WARNING * * *
You feel very sick. 😱 HP[-3]
You take 3 damage, and now have 5/80 hp.
* * * LOW HITPOINT WARNING * * *
You feel sick. 😱 HP[-2]
You take 2 damage, and now have 3/80 hp.
* * * LOW HITPOINT WARNING * * *
You feel sick. 😱 HP[-1]
You take 1 damage, and now have 2/80 hp.
* * * LOW HITPOINT WARNING * * *
You feel sick.
You see here 3 javelins {throwing}.
* * * LOW HITPOINT WARNING * * *
You feel sick. 😱 HP[-1]
You take 1 damage, and now have 1/80 hp.
Unknown command.
As you read the scroll labelled JIOTONW DUCO, it crumbles to dust.
You speak a Word of immense power!
It was a scroll of holy word.
You die...

Skill      XL: |  1  2  3  4  5  6  7  8  9 |
---------------+----------------------------+-----
Stealth        | 10 | 10.8
Long Blades    | 1 2 3 4 |  4.9
Axes           | 1 2 3 4 |  4.9
Maces & Flails | 1 2 3 4 |  4.9
Polearms       | 1 2 3 4 |  4.9
Staves         | 1 2 3 4 |  4.9
Slings         | 1 2 3 4 |  4.9
Bows           | 1 2 3 4 |  4.9
Crossbows      | 1 2 3 4 |  4.9
Throwing       | 1 2 3 4 |  4.9
Armour         | 1 2 3 4 |  4.9
Shields        | 1 2 3 4 |  4.9
Unarmed Combat | 1 2 3 4 |  4.9
Spellcasting   | 1 2 3 4 |  4.9
Invocations    | 1 2 3 4 5 |  5.3
Evocations     | 1 2 3 4 |  4.9
Conjurations   | 1 2 3 4 |  4.0
Hexes          | 1 2 3 4 |  4.0
Summonings     | 1 2 3 4 |  4.0
Necromancy     | 1 2 3 4 |  4.0
Translocations | 1 2 3 4 |  4.0
Transmutations | 1 2 3 4 |  4.0
Fire Magic     | 1 2 3 4 |  4.0
Ice Magic      | 1 2 3 4 |  4.0
Air Magic      | 1 2 3 4 |  4.0
Earth Magic    | 1 2 3 4 |  4.0
Poison Magic   | 1 2 3 4 |  4.0
Short Blades   | 5 6 |  6.8
Dodging        | 5 6 |  6.8
Fighting       | 7 8 |  8.2

Action                   |  1- 3 |  4- 6 |  7- 9 | 10-12 || total
-------------------------+-------+-------+-------+-------++-------
Melee: Short sword       |     1 |       |       |       ||     1
       Rapier            |    13 |   108 |       |       ||   121
       Bite              |     1 |    15 |    31 |     4 ||    51
       Dagger            |       |    61 |   117 |       ||   178
       Punch             |       |     2 |     2 |       ||     4
       Spear             |       |     5 |   216 |    10 ||   231
 Fire: Shortbow          |       |       |    28 |       ||    28
Throw: Stone             |       |     8 |     1 |       ||     9
Evoke: Wand              |       |       |       |     2 ||     2
  Use: Potion            |       |     8 |     3 |     3 ||    14
       Scroll            |       |     1 |       |     1 ||     2
 Stab: Sleeping          |     3 |    21 |    23 |       ||    47
       Distracted        |       |     2 |     1 |       ||     3
Armor: Leather armour    |     4 |    36 |    76 |     5 ||   121
       Skin              |       |     1 |       |       ||     1
Dodge: Dodged            |    10 |    93 |   188 |    11 ||   302

Levels and vault maps discovered:
D:1:      grunt_arrival_lava_bath, layout_loops_ring,
          shapermc_ecumenical_altar_acropolis
D:2:      layout_basic, uniq_sigmund, uniq_jessica
D:3:      layout_loops_cross, trog_wizard, lemuel_round_altar,
          nicolae_overflow_hidden_temple
D:4:      minmay_general_purpose_star, layout_basic,
          minmay_temple_entry_antechambers, hangedman_decor_push, uniq_robin,
          uniq_duvessa, uniq_menkaure
D:5:      layout_layer_cave, lemuel_mausoleum_altar_kikubaaqudgha,
          evilmike_ruin_ashenzari, nemelex_spade_bored_becter, serial_shops,
          shop, shop, nicolae_stop_n_shop_1
D:6:      minmay_octagon_keep, layout_loops_ring, serial_shops,
          kennysheep_little_box, minmay_holes, serial_bayou_pond_c,
          uniq_prince_ribbit1
D:7:      layout_loops_ring, serial_shops, nicolae_inconvenience_store,
          hangedman_decor_points, chequers_jeans

Notes
Turn   | Place    | Note
-------+----------+-------------------------------------------
     0 | D:5      | Reached skill level 9 in Stealth
     0 | D:5      | spaghetti the Gnoll Delver began the quest for the Orb.
     0 | D:5      | Reached XP level 1. HP: 23/23 MP: 1/1
     0 | D:5      | magus.rc [v1.9.6]
    35 | D:5      | Noticed a hound
    40 | D:5      | Killed a hound
    41 | D:5      | Reached XP level 2. HP: 29/29 MP: 2/2
    41 | D:5      | Reached XP level 3. HP: 35/35 MP: 3/3
    51 | D:5      | Identified the +10 spear "Jilent" {pain, rC+ Will+ Stlth+}
   172 | D:4      | Reached skill level 1 in Long Blades
   172 | D:4      | Reached skill level 1 in Axes
   172 | D:4      | Reached skill level 1 in Maces & Flails
   172 | D:4      | Reached skill level 1 in Polearms
   172 | D:4      | Reached skill level 1 in Staves
   172 | D:4      | Reached skill level 1 in Slings
   172 | D:4      | Reached skill level 1 in Bows
   172 | D:4      | Reached skill level 1 in Crossbows
   172 | D:4      | Reached skill level 1 in Throwing
   172 | D:4      | Reached skill level 1 in Armour
   172 | D:4      | Reached skill level 1 in Shields
   172 | D:4      | Reached skill level 1 in Unarmed Combat
   172 | D:4      | Reached skill level 1 in Spellcasting
   172 | D:4      | Reached skill level 1 in Invocations
   172 | D:4      | Reached skill level 1 in Evocations
   172 | D:4      | Reached XP level 4. HP: 21/41 MP: 5/5
   587 | D:4      | Noticed Dowan
   588 | D:4      | Noticed Duvessa
   620 | D:4      | HP: 4/41 [something (10)]
  1122 | D:3      | You pick up a book of Frost and begin reading...
  1122 | D:3      | You add the spells Freeze, Frozen Ramparts and Hailstorm to
                  | your library.
  1201 | D:2      | Noticed Sigmund
  1511 | D:1      | Reached skill level 1 in Conjurations
  1511 | D:1      | Reached skill level 1 in Hexes
  1511 | D:1      | Reached skill level 1 in Summonings
  1511 | D:1      | Reached skill level 1 in Necromancy
  1511 | D:1      | Reached skill level 1 in Translocations
  1511 | D:1      | Reached skill level 1 in Transmutations
  1511 | D:1      | Reached skill level 1 in Fire Magic
  1511 | D:1      | Reached skill level 1 in Ice Magic
  1511 | D:1      | Reached skill level 1 in Air Magic
  1511 | D:1      | Reached skill level 1 in Earth Magic
  1511 | D:1      | Reached skill level 1 in Poison Magic
  1579 | D:1      | You pick up a book of Changes and begin reading...
  1579 | D:1      | You add the spells Beastly Appendage, Wereblood and Spider
                  | Form to your library.
  1640 | D:1      | You pick up a book of the Hunter and begin reading...
  1640 | D:1      | You add the spells Call Canine Familiar, Portal Projectile
                  | and Leda's Liquefaction to your library.
  1977 | D:1      | Reached XP level 5. HP: 46/47 MP: 6/6
  2000 | D:1      | Found a faded altar of an unknown god.
  2189 | D:2      | Noticed Jessica
  2199 | D:2      | Killed Jessica
  2462 | D:2      | You add the spells Gell's Gravitas, Teleport Other and
                  | Dispersal to your library.
  2735 | D:2      | Killed Sigmund
  2736 | D:2      | Reached skill level 5 in Short Blades
  2736 | D:2      | Reached skill level 2 in Long Blades
  2736 | D:2      | Reached skill level 2 in Axes
  2736 | D:2      | Reached skill level 2 in Maces & Flails
  2736 | D:2      | Reached skill level 2 in Polearms
  2736 | D:2      | Reached skill level 2 in Staves
  2736 | D:2      | Reached skill level 2 in Slings
  2736 | D:2      | Reached skill level 2 in Bows
  2736 | D:2      | Reached skill level 2 in Crossbows
  2736 | D:2      | Reached skill level 2 in Throwing
  2736 | D:2      | Reached skill level 2 in Armour
  2736 | D:2      | Reached skill level 5 in Dodging
  2736 | D:2      | Reached skill level 2 in Shields
  2736 | D:2      | Reached skill level 2 in Unarmed Combat
  2736 | D:2      | Reached skill level 2 in Spellcasting
  2736 | D:2      | Reached skill level 2 in Invocations
  2736 | D:2      | Reached skill level 2 in Evocations
  2736 | D:2      | Reached XP level 6. HP: 53/53 MP: 9/9
  3013 | D:3      | Found a stormy altar of Qazlal.
  3266 | D:3      | Found a bloodstained altar of Trog.
  3273 | D:3      | Noticed a wizard
  3277 | D:3      | Killed a wizard
  3747 | D:4      | Reached XP level 7. HP: 38/59 MP: 10/10
  3931 | D:4      | Noticed Menkaure
  3936 | D:4      | Killed Menkaure
  3937 | D:4      | Reached skill level 7 in Fighting
  3937 | D:4      | Reached skill level 2 in Conjurations
  3937 | D:4      | Reached skill level 2 in Hexes
  3937 | D:4      | Reached skill level 2 in Summonings
  3937 | D:4      | Reached skill level 2 in Necromancy
  3937 | D:4      | Reached skill level 2 in Translocations
  3937 | D:4      | Reached skill level 2 in Transmutations
  3937 | D:4      | Reached skill level 2 in Fire Magic
  3937 | D:4      | Reached skill level 2 in Ice Magic
  3937 | D:4      | Reached skill level 2 in Air Magic
  3937 | D:4      | Reached skill level 2 in Earth Magic
  3937 | D:4      | Reached skill level 2 in Poison Magic
  3980 | D:4      | HP: 12/60 [gnoll/+0 spear (7)]
  4367 | D:5      | Found Ruac's Weapon Boutique.
  4394 | D:5      | Reached skill level 10 in Stealth
  4394 | D:5      | Reached skill level 3 in Invocations
  4471 | D:5      | HP: 21/90 [poisoned by a scorpion]
  4475 | D:5      | Reached XP level 8. HP: 18/67 MP: 12/12
  4476 | D:5      | HP: 15/100 [poisoned by a scorpion]
  4479 | D:5      | HP: 5/67 [poisoned by a scorpion]
  4481 | D:5      | HP: 2/67 [poisoned by a scorpion]
  4835 | D:5      | Found Coun Motz's Weapon Boutique.
  4915 | D:5      | Reached skill level 3 in Long Blades
  4915 | D:5      | Reached skill level 3 in Axes
  4915 | D:5      | Reached skill level 3 in Maces & Flails
  4915 | D:5      | Reached skill level 3 in Polearms
  4915 | D:5      | Reached skill level 3 in Staves
  4915 | D:5      | Reached skill level 3 in Slings
  4915 | D:5      | Reached skill level 3 in Bows
  4915 | D:5      | Reached skill level 3 in Crossbows
  4915 | D:5      | Reached skill level 3 in Throwing
  4915 | D:5      | Reached skill level 3 in Armour
  4915 | D:5      | Reached skill level 3 in Shields
  4915 | D:5      | Reached skill level 3 in Unarmed Combat
  4915 | D:5      | Reached skill level 3 in Spellcasting
  4915 | D:5      | Reached skill level 3 in Evocations
  5168 | D:5      | Found a broken altar of Ashenzari.
  5712 | D:5      | Found a sparkling altar of Nemelex Xobeh.
  5792 | D:5      | Found Unwat's Distillery.
  6024 | D:5      | Found an ancient bone altar of Kikubaaqudgha.
  6192 | D:6      | Noticed Prince Ribbit
  6199 | D:6      | Reached skill level 3 in Conjurations
  6199 | D:6      | Reached skill level 3 in Hexes
  6199 | D:6      | Reached skill level 3 in Summonings
  6199 | D:6      | Reached skill level 3 in Necromancy
  6199 | D:6      | Reached skill level 3 in Translocations
  6199 | D:6      | Reached skill level 3 in Transmutations
  6199 | D:6      | Reached skill level 3 in Fire Magic
  6199 | D:6      | Reached skill level 3 in Ice Magic
  6199 | D:6      | Reached skill level 3 in Air Magic
  6199 | D:6      | Reached skill level 3 in Earth Magic
  6199 | D:6      | Reached skill level 3 in Poison Magic
  6199 | D:6      | Reached skill level 4 in Invocations
  6204 | D:6      | Reached skill level 6 in Short Blades
  6204 | D:6      | Reached skill level 6 in Dodging
  6217 | D:6      | Killed Prince Ribbit
  6218 | D:6      | Reached XP level 9. HP: 56/73 MP: 14/14
  6429 | D:6      | Found Moaq's Armour Boutique.
  6435 | D:6      | Reached skill level 4 in Long Blades
  6435 | D:6      | Reached skill level 4 in Axes
  6435 | D:6      | Reached skill level 4 in Maces & Flails
  6435 | D:6      | Reached skill level 4 in Polearms
  6435 | D:6      | Reached skill level 4 in Staves
  6435 | D:6      | Reached skill level 4 in Slings
  6435 | D:6      | Reached skill level 4 in Bows
  6435 | D:6      | Reached skill level 4 in Crossbows
  6435 | D:6      | Reached skill level 4 in Throwing
  6435 | D:6      | Reached skill level 4 in Armour
  6435 | D:6      | Reached skill level 4 in Shields
  6435 | D:6      | Reached skill level 4 in Unarmed Combat
  6435 | D:6      | Reached skill level 4 in Spellcasting
  6435 | D:6      | Reached skill level 4 in Evocations
  6485 | D:6      | You pick up a book of Vapours and begin reading...
  6485 | D:6      | You add the spells Poisonous Vapours and Corpse Rot to your
                  | library.
  7029 | D:6      | Reached skill level 8 in Fighting
  7176 | D:6      | Reached skill level 5 in Invocations
  7691 | D:7      | Reached skill level 4 in Conjurations
  7691 | D:7      | Reached skill level 4 in Hexes
  7691 | D:7      | Reached skill level 4 in Summonings
  7691 | D:7      | Reached skill level 4 in Necromancy
  7691 | D:7      | Reached skill level 4 in Translocations
  7691 | D:7      | Reached skill level 4 in Transmutations
  7691 | D:7      | Reached skill level 4 in Fire Magic
  7691 | D:7      | Reached skill level 4 in Ice Magic
  7691 | D:7      | Reached skill level 4 in Air Magic
  7691 | D:7      | Reached skill level 4 in Earth Magic
  7691 | D:7      | Reached skill level 4 in Poison Magic
  7691 | D:7      | Reached XP level 10. HP: 61/80 MP: 17/17
  7701 | D:7      | Gained mutation: You are dopey. (Int -2) [potion of
                  | mutation]
  7701 | D:7      | Gained mutation: Your flesh is cold resistant. (rC+)
                  | [potion of mutation]
  7701 | D:7      | Lost mutation: You are dopey. (Int -2) [potion of mutation]
  7702 | D:7      | Lost mutation: Your flesh is cold resistant. (rC+) [potion
                  | of mutation]
  7702 | D:7      | Gained mutation: You are clumsy. (Dex -2) [potion of
                  | mutation]
  7703 | D:7      | HP: 19/80 [poisoned by a killer bee]
  7705 | D:7      | HP: 8/80 [poisoned by a killer bee]
  7707 | D:7      | HP: 3/80 [poisoned by a killer bee]
  7710 | D:7      | HP: 1/80 [poisoned by a killer bee]
  7711 | D:7      | Succumbed to a killer bee's poison

Vanquished Creatures
  Prince Ribbit (D:6)
  Sigmund (D:2)
  Menkaure (D:4)
  2 water moccasins
  4 sky beasts
  3 ice beasts (D:6)
  2 centaurs
  An ogre (D:6)
  A phantom (D:6)
  A bullfrog (D:6)
  4 scorpions
  7 necrophages
  2 wights
  5 killer bees (D:7)
  2 howler monkeys (D:6)
  4 hounds
  2 gnoll shamans
  A human zombie (D:5)
  2 iguanas
  Jessica (D:2)
  3 orc wizards
  3 mummies (D:5)
  2 howler monkey zombies (D:5)
  15 gnolls
  5 adders
  A shadow imp (D:7)
  2 adder zombies (D:5)
  A worm (D:2)
  4 dart slugs
  9 orcs
  5 ball pythons
  4 endoplasms
  6 giant cockroaches
  6 goblins
  9 hobgoblins
  3 jackals (D:4)
  A quokka (D:1)
  2 bats
  8 kobolds
  5 rats
141 creatures vanquished.

Vanquished Creatures (others)
  A wizard (D:3)
  A fungus (D:1)
2 creatures vanquished.

Grand Total: 143 creatures vanquished

Table legend:
 A = Non-vault XP
 B = Vault XP
 C = Vault XP percentage of total XP
 D = Non-vault monster count
 E = Vault monster count
 F = Vault count percentage of total count
                 A         B        C        D         E       F
            +---------+---------+-------+---------+---------+-------
      Total |    2911 |    2035 |  41.1 |     109 |      32 |  22.7
            +---------+---------+-------+---------+---------+-------
        D:1 |      51 |       0 |   0.0 |      20 |       0 |   0.0
        D:2 |      89 |     263 |  74.7 |      19 |       2 |   9.5
        D:3 |      23 |       0 |   0.0 |      10 |       0 |   0.0
        D:4 |     272 |     191 |  41.3 |      19 |       4 |  17.4
        D:5 |     692 |     470 |  40.4 |      18 |      12 |  40.0
        D:6 |    1227 |    1111 |  47.5 |      15 |      14 |  48.3
        D:7 |     557 |       0 |   0.0 |       8 |       0 |   0.0
            +---------+---------+-------+---------+---------+-------

Illustrated notes

Table legend:
 A = Kills in this place as a percentage of kills in entire the game.
 B = Kills by you in this place as a percentage of kills by you in the entire game.
 C = Kills by friends in this place as a percentage of kills by friends in the entire game.
 D = Other kills in this place as a percentage of other kills in the entire game.
 E = Experience gained in this place as a percentage of experience gained in the entire game.
 F = Experience gained in this place divided by the number of levels of this place that you have seen.
                   A       B       C       D       E      F
               +-------+-------+-------+-------+-------+----------------------
         Total | 100.0 | 100.0 |   N/A |   N/A | 100.0 | 706.6
       Dungeon | 100.0 | 100.0 |   N/A |   N/A | 100.0 | 706.6
               +-------+-------+-------+-------+-------+----------------------

Table legend: (Time is in decaauts)
 A = Elapsed time spent in this place.
 B = Non-inter-level travel time spent in this place.
 C = Inter-level travel time spent in this place.
 D = Time resting spent in this place.
 E = Time spent auto-exploring this place.
 F = Levels seen in this place.
 G = Mean time per level.
                   A        B        C        D        E       F      G
               +--------+--------+--------+--------+--------+-----+--------+
         Total |   7637 |   7498 |    139 |   1101 |   5126 |   7 | 1091.0 |
       Dungeon |   7637 |   7498 |    139 |   1101 |   5126 |   7 | 1091.0 |
               +--------+--------+--------+--------+--------+-----+--------+

Top non-repeatable levels by time:
     D:5: 1797 daAuts
     D:4: 1556 daAuts
     D:6: 1376 daAuts
     D:3: 1032 daAuts
     D:2: 1021 daAuts
     D:1: 729 daAuts
     D:7: 123 daAuts
